Unix NetHack Version 5.0.0-0 post-release - last build Jul 19 2026 19:10:59 (3aa4ab31751d3886436d94b585a96704892fd477,branch:main).

Game began 2026-07-25 00:27:05, ended 2026-07-25 00:39:07.

Brudee, chaotic female human Rogue

                                                                         -----
                                             ------                      |...|
                                            #-.....#                     |...|
                             ------         #|...<|#            #########....|
                             |....-#        #|....|#    %      ##        |...|
   --------      ------- ####-..).|#        #------### -.----###         |[..|
   |)h%...|      |.....| #   |....|##       ###      # |.....#           |(..|
   |hdhh.@-######|.....| #   |....| #         #      ##...).|            -----
   |h@h.).|     #......| #   ------ #         ##       |.>..|
   --------      |.....-##          #          #       ------
                 |.....|            ####       #
                 -------               # ------#
                                       ##-....|#
                                         |....|#
                                         |....-#
                                         |....|
                                         |....|
                                         ------

Brudee the Cutpurse     St:12 Dx:17 Co:10 In:13 Wi:10 Ch:10  Chaotic S:346
Dlvl:3  $:0  HP:0(21) Pw:11(11) AC:3  Xp:3/44 T:1337  Burdened

Latest messages:
 "For you, good lady; only 133 zorkmids for this white spellbook."
 s - a white spellbook (unpaid, 133 zorkmids).
 "For you, honored lady; only 133 zorkmids for this spellbook of healing."
 n - a spellbook of healing (unpaid, 133 zorkmids).
 You have trouble lifting a spellbook of healing.  Continue? [ynq] (q) q
 You have trouble lifting a spellbook of healing.  Continue? [ynq] (q) y
 "For you, esteemed lady; only 133 zorkmids for this spellbook of healing."
 You have trouble lifting l - a spellbook of healing (unpaid, 133 zorkmids).
 You rebalance your load.  Movement is difficult.
 You see here a melon (for sale, 13 zorkmids).
 Shaggy picks up a melon.
 You drop a dog eared spellbook (unpaid, 267 zorkmids).
 Your movements are only slowed slightly by your load.
 You drop a white spellbook (unpaid, 133 zorkmids).
 You drop a spellbook of healing (unpaid, 133 zorkmids).
 You drop a spellbook of healing (unpaid, 133 zorkmids).
 Shaggy drops a melon.
 Shaggy picks up an orange potion.
 You see here a melon (for sale, 13 zorkmids).
 Shaggy drops an orange potion.
 What do you want to read? [IJK or ?*] ?
 What do you want to read? [IJK or ?*] <space>
 Never mind.
 Shaggy picks up a melon.
 What do you want to read? [IJK or ?*] ?
 As you read the scroll, it disappears.
 You have found a scroll of genocide!
 What type of monster do you want to genocide? mindflayer
 Sent in some mind flayers.
 The mind flayer hits!
 The mind flayer's tentacles suck your brain!
 Your helm blocks the attack to your head.
 The mind flayer's tentacles suck your brain again!
 Your brain is eaten!
 You feel very stupid!
 The mind flayer's tentacles suck your brain again!
 Your helm blocks the attack to your head.
 The mind flayer hits!
 The mind flayer's tentacles suck your brain!
 Your helm blocks the attack to your head.
 The mind flayer's tentacles suck your brain again!
 Your helm blocks the attack to your head.
 The mind flayer's tentacles suck your brain again!
 Your helm blocks the attack to your head.
 The mind flayer hits!
 The mind flayer's tentacles suck your brain!
 You die...
 Budereyri comes and takes all your possessions.
 Do you want to see what you had when you died? [ynq] (y) y
 Do you want to see your attributes? [ynq] (y) q

Inventory:
 Weapons  (')')
  b - 6 +0 daggers (alternate weapons; not wielded)
  F - a +0 orcish dagger
  o - a +0 spear
  a - a blessed +0 short sword (weapon in right hand)
 Armor    ('[')
  G - an uncursed +3 orcish helm (being worn)
  c - an uncursed +1 leather armor (being worn)
 Comestibles  ('%')
  p - an uncursed food ration
  C - an uncursed homemade tin of newt meat
  H - an uncursed brown mold corpse
  B - 2 uncursed lichen corpses
 Scrolls  ('?')
  J - an uncursed scroll of amnesia
  I - a cursed scroll of remove curse
 Potions  ('!')
  w - an uncursed potion of booze
  t - an uncursed potion of enlightenment
  u - an uncursed potion of extra healing
  q - a blessed potion of gain ability
  M - a cursed potion of gain ability
  h - an uncursed potion of gain level
  D - an uncursed potion of healing
  k - an uncursed potion of oil
  d - an uncursed potion of sickness
 Rings    ('=')
  x - an uncursed ring of slow digestion (on right hand)
 Wands    ('/')
  z - a wand of cold (0:7)
 Tools    ('(')
  f - an empty uncursed sack
  g - an uncursed blindfold
  A - a blessed figurine of a leocrotta
  e - an uncursed lock pick
  L - an uncursed towel
 Gems/Stones  ('*')
  v - an uncursed topaz stone
  y - an uncursed worthless piece of blue glass
  i - an uncursed worthless piece of orange glass

Brudee the Rogue's attributes:

Background:
 You were a Cutpurse, a level 3 female human Rogue.
 You were chaotic, nominally on a mission for Kos
 who was opposed by Issek (lawful) and Mog (neutral).
 You were right-handed.
 You were in the Dungeons of Doom, on level 3.
 You entered the dungeon 1337 turns ago.
 It was the midnight hour.
 You had 44 experience points, 36 more were needed to attain level 4.
 Your score was 346 before end-of-game adjustments.

Basics:
 You had 0 out of 21 hit points.
 You had all 11 energy points (spell power).
 Your armor class was 3.
 Your wallet was empty.
 Autopickup was on, but temporarily disabled while inside the shop.

Final Characteristics:
 Your strength was 12 (limit:18/100).
 Your dexterity was 17 (limit:18).
 Your constitution was 10 (limit:18).
 Your intelligence was 13 (peak:15, limit:18).
 Your wisdom was 10 (limit:18).
 Your charisma was 10 (limit:18).

Final Status:
 You weren't hungry.
 You were burdened; movement was slightly slowed.
 You were wielding a short sword.
 You had basic skill with short sword.

Final Attributes:
 You were devoutly aligned.
 You were stealthy.
 You had slower digestion.
 You were warded.
 You are dead.

Miscellaneous:
 You didn't encounter any bones levels.
 Total elapsed playing time was 12 minutes and 1 second.

Major events:
 Turn
    1: Brudee the chaotic female human Rogue entered the dungeon
 1225: attained the rank of Cutpurse (level 3)
 1337: killed by a mind flayer

Spells:
 Name                 Level Category     Fail Retention
 healing                1   healing       64%  76%-100%

Skills:
 Fighting Skills
   bare handed combat [Unskilled]
   two weapon combat  [Unskilled]
   riding             [Unskilled]
 Weapon Skills
   dagger             [Basic]
   knife              [Unskilled]
   short sword        [Basic]
   broadsword         [Unskilled]
   long sword         [Unskilled]
   two-handed sword   [Unskilled]
   saber              [Unskilled]
   club               [Unskilled]
   mace               [Unskilled]
   morning star       [Unskilled]
   flail              [Unskilled]
   hammer             [Unskilled]
   polearms           [Unskilled]
   spear              [Unskilled]
   crossbow           [Unskilled]
   dart               [Unskilled]
   shuriken           [Unskilled]
 Spellcasting Skills
   divination spells  [Unskilled]
   escape spells      [Unskilled]
   matter spells      [Unskilled]

Voluntary challenges:
 Character rerolling was not enabled.
 You were an atheist.
 You never genocided any monsters.
 You never polymorphed an object.
 You never changed form.
 You used no wishes.
Achievements:
 You attained the rank of Cutpurse.
 You entered a shop.

 The Dungeons of Doom: levels 1 to 4
    Level 1:
       A fountain.
    Level 2:
       A fountain.
    Level 3: <- You were here.
       A general store.
       Final resting place for
          you, killed by a mind flayer.
    Level 4:


Vanquished creatures:
  a brown mold
  2 yellow molds
  a red mold
  3 geckos
  5 jackals
  a fox
  a kobold
  a goblin
  3 sewer rats
  2 grid bugs
  2 lichens
  3 newts
25 creatures vanquished.

No species were genocided or became extinct.

Game over:
                       ----------
                      /          \
                     /    REST    \
                    /      IN      \
                   /     PEACE      \
                  /                  \
                  |      Brudee      |
                  |       0 Au       |
                  | killed by a mind |
                  |      flayer      |
                  |                  |
                  |                  |
                  |       2026       |
                 *|     *  *  *      | *
        _________)/\\_//(\/(/\)/\//\/|_)_______

Goodbye Brudee the Rogue...

You died in The Dungeons of Doom on dungeon level 3 with 346 points,
and 0 pieces of gold, after 1337 moves.
You were level 3 with a maximum of 21 hit points when you died.

